AoeStats
← diossnefru1

Black Forest

510235701Analyzed
2v2 RM · 2d ago on Sep 30, 2026· 17m 49s· 4 players
Game mode
Random Map
Map size
Medium (4 player)
Population
200
Speed
Normal
Resources
Standard
Victory
Conquest
Starting age
Dark Age
Ending age
Imperial Age
RankedLock teamsTeams togetherTeam positionsShared explorationLock speedFull tech treeHidden civsTurbo modeCheats
Victory
Defeat
🇮🇩 Japanese · Indonesia
925
+19
🇲🇽 Portuguese · Mexico
901
+19
🇺🇸 Persians · United States
1018
-21
🇺🇸 Slavs · United States
940
-17
DekaJe
0:32 Loom
13:55 Feudal Age
15:00 Man-at-Arms
diossnefru1
0:29 Loom
11:58 Feudal Age
13:21 Wheelbarrow
12:39 Double-Bit Axe
14:05 Horse Collar
black forest or quit
0:30 Loom
11:27 Feudal Age
12:48 Wheelbarrow
12:29 Double-Bit Axe
16:03 Horse Collar
bradleytori531
0:27 Loom
17:11 Feudal Age
Connection lost

Rejoining the realm…

Still unreachable

The connection could not be restored.

Session expired

The server has moved on; the page needs a fresh start.